 Dungeon Crawl Stone Soup version 0.32-a0-981-g384da2ce10 (webtiles) character file.

Game seed: 11628199293624754741

3924 snarfax the Cleaver (level 10, -1/91 HPs)
             Began as a Minotaur Monk on Apr 21, 2024.
             Was a Priest of Beogh.
             Slain by Bogbrand the orc apostle
             ... wielding the +10 great sword "Bototew" {pain, Will+ rCorr Int+3 Stlth+}
              (25 damage)
             ... on level 8 of the Dungeon.
             The game lasted 00:18:18 (7811 turns).

snarfax the Cleaver (Minotaur Monk)                 Turns: 7811, Time: 00:18:18

Health: -1/91      AC: 11    Str: 19    XL:     10   Next: 1%
Magic:  11/11      EV: 15    Int:  7    God:    Beogh [***...]
Gold:   80         SH:  0    Dex: 20    Spells: 9/9 levels left

rFire   . . .        J - +1 broad axe
rCold   . . .        d - orb {light}
rNeg    + . .        e - +0 ring mail
rPois   .            (helmet restricted)
rElec   .            w - +0 cloak
rCorr   .            s - +1 pair of gloves
SInv    .            H - +0 pair of boots
Will    .....        (no amulet)
Stlth   +            p - +6 ring of dexterity
HPRegen 0.35/turn    B - ring of positive energy
MPRegen 0.12/turn

%: no passive effects
@: glowing
A: horns 2, retaliatory headbutt
a: Renounce Religion, Smiting, Recall Apostles, Dismiss Wargath, warrior


You were on level 8 of the Dungeon.
You worshipped Beogh.
Beogh was most pleased with you.
You visited 1 branch of the dungeon, and saw 8 of its levels.
You also visited: Sewer.

You collected 341 gold pieces.
You spent 261 gold pieces at shops.

Inventory:

Hand Weapons
 a - a +0 heavy hand axe
 x - a +1 heavy war axe
 J - a +1 broad axe (weapon)
Missiles
 D - 15 poisoned darts
 K - 6 boomerangs
Armour
 b - a +0 robe
 d - an orb of light (worn)
 e - a +0 ring mail (worn)
 i - a +0 chain mail
 s - a +1 pair of gloves (worn)
 w - a +0 cloak (worn)
 A - a +1 leather armour of willpower
 H - a +0 pair of boots (worn)
Jewellery
 h - a ring of magical power
 p - a +6 ring of dexterity (left hand)
 B - a ring of positive energy (right hand)
Wands
 t - a wand of charming (28)
Scrolls
 q - 2 scrolls of blinking
 v - a scroll of enchant weapon
 y - 2 scrolls of teleportation
 G - a scroll of silence
Potions
 c - a potion of ambrosia
 f - a potion of attraction {unknown}
 g - 2 potions of enlightenment
 j - 3 potions of heal wounds
 k - 2 potions of invisibility {unknown}
 l - 3 potions of haste
 m - 2 potions of resistance {unknown}
 n - 3 potions of curing
 o - a potion of magic {unknown}
 r - a potion of mutation {unknown}
 u - 2 potions of brilliance
 I - a potion of lignification {unknown}


   Skills:
 + Level 9.5 Fighting
 + Level 9.5 Axes
 + Level 7.0 Armour
 + Level 8.6 Dodging
 + Level 3.3 Invocations


You had 9 spell levels left.
You didn't know any spells.
Your spell library contained the following spells:

 Spells                   Type           Power      Damage    Failure   Level
 Call Imp                 Summ           0%         N/A       75%         2
 Ensorcelled Hibernation  Hex/Ice        0%         N/A       75%         2
 Sublimation of Blood     Necr           0%         N/A       75%         2
 Dazzling Flash           Conj/Hex       0%         N/A       92%         3
 Frozen Ramparts          Ice            0%         1d1       92%         3
 Fugue of the Fallen      Necr           0%         N/A       92%         3
 Mephitic Cloud           Conj/Alch/Air  0%         N/A       92%         3
 Ozocubu's Armour         Ice            0%         N/A       92%         3
 Anguish                  Hex/Necr       0%         N/A       100%        4
 Vhi's Electric Charge    Tloc/Air       0%         N/A       100%        4
 Arcjolt                  Conj/Air       0%         1d10      100%        5
 Metabolic Englaciation   Hex/Ice        0%         N/A       100%        5
 Silence                  Hex/Air        0%         N/A       100%        5
 Plasma Beam              Fire/Air       0%         2x1d10    100%        6
 Summon Hydra             Summ           0%         N/A       100%        7


Dungeon Overview and Level Annotations

Branches:
Dungeon (8/15)             Temple (0/1) D:7            Lair (0/5) D:8
  Sewer (visited)

Altars:
Nemelex Xobeh
Okawaru
Qazlal
Ru
Sif Muna
Vehumet

Shops:
D:1 *?(


Innate Abilities, Weirdness & Mutations

Your facial features are unmistakably orcish.
You have a pair of horns on your head.
You reflexively headbutt those who attack you in melee.


Message History

You barely miss Bogbrand. Your headbutt misses Bogbrand.
Bogbrand is severely wounded.
Bogbrand completely misses you.
Unknown command.
You completely miss Bogbrand.
You headbutt Bogbrand, but do no damage.
Bogbrand is heavily wounded.
Bogbrand completely misses you.
Unknown command.
You slash Bogbrand!
Bogbrand is severely wounded.
Bogbrand barely misses you.
Unknown command.
You closely miss Bogbrand.
You headbutt Bogbrand, but do no damage.
Bogbrand is severely wounded.
You hit Bogbrand but do no damage.
You headbutt Bogbrand, but do no damage.
Bogbrand is severely wounded.
Bogbrand hits you with the +10 great sword "Bototew"!
You writhe in agony.
You hit Bogbrand but do no damage.
Bogbrand is severely wounded.
Bogbrand hits you with the +10 great sword "Bototew"!
You barely miss Bogbrand.
You headbutt Bogbrand, but do no damage.
Bogbrand is severely wounded.
Bogbrand hits you with the +10 great sword "Bototew".
* * * LOW HITPOINT WARNING * * *
You writhe in agony.
* * * LOW HITPOINT WARNING * * *
You hit Bogbrand but do no damage.
You headbutt Bogbrand, but do no damage.
Bogbrand is severely wounded.
You slash Bogbrand!
You headbutt Bogbrand, but do no damage.
Bogbrand is almost dead.
Bogbrand hits you with the +10 great sword "Bototew"!!
You die...
Beogh appreciates Bogbrand's killing of a heretic priest.

******### #
****,,,,,..# #
*,,,,,,**#.#
######.##.*,* #.#
..........*,* #.#
...###.#***>###.####
##.# *,,,,,,#...@o.#
##.# *******#.#o##.#
##.###### #.#(##.#
##......# #..(##.#
##......# #.(###.#
....[...# #..###.#
###.....# #((....# #
#.....# ##.##### #
####### #[#


You could see Bogbrand the orc apostle (very poisoned, slow, ally target,
divinely empowered) and the friendly Wargath the orc apostle.

Vanquished Creatures
  A two-headed ogre (D:8)
  Sigmund (D:5)
  A warg (D:8)
  A steam dragon (D:6)
  4 water moccasins
  An orc warrior (D:7)
  An ice beast (D:6)
  2 wolves (D:8)
  An ogre (D:5)
  2 kobold brigands
  2 bullfrogs
  3 wights (D:8)
  5 killer bees (D:8)
  2 jellies
  2 bombardier beetles (D:6)
  3 hounds
  5 orc priests
  Jessica (D:2)
  4 iguanas
  A sleepcap (D:7)
  Natasha (thrice) (D:3)
  11 orc wizards
  13 adders
  6 river rats
  2 white imps
  2 ribbon worms (D:3)
  15 orcs
  7 endoplasms
  A giant cockroach (D:2)
  4 goblins
  8 hobgoblins
  5 jackals
  19 kobolds
  A quokka (D:3)
  7 ball pythons
  3 bats
  A frilled lizard (D:3)
  13 rats
164 creatures vanquished.

Vanquished Creatures (collateral kills)
  A wight (D:8)
  3 killer bees (D:8)
  4 orc wizards (D:8)
8 creatures vanquished.

Vanquished Creatures (others)
  An orc wizard (D:8)
  4 orcs
  2 kobolds (D:6)
7 creatures vanquished.

Grand Total: 179 creatures vanquished

Notes
Turn   | Place    | Note
-------+----------+-------------------------------------------
     0 | D:1      | snarfax the Minotaur Monk began the quest for the Orb.
     0 | D:1      | Reached XP level 1. HP: 19/19 MP: 0/0
   247 | D:1      | Reached XP level 2. HP: 27/27 MP: 1/1
   455 | D:1      | Found Keuk's Assorted Antiques.
   500 | D:1      | Found Haptaqash's Antique Weapon Shop.
   519 | D:1      | Found Seudofyt's Magic Scroll Boutique.
   807 | D:2      | Reached XP level 3. HP: 30/33 MP: 2/2
   854 | D:2      | Found a faded altar of an unknown god.
  1084 | D:2      | Noticed Jessica
  1086 | D:2      | Killed Jessica
  1316 | D:2      | Reached XP level 4. HP: 41/41 MP: 3/3
  1729 | D:3      | Reached skill level 5 in Fighting
  1736 | D:3      | Reached skill level 5 in Axes
  1736 | D:3      | Reached XP level 5. HP: 40/48 MP: 4/4
  1766 | D:3      | Found a glowing drain.
  1774 | Sewer    | Entered a sewer
  2251 | D:3      | Identified the +5 whip "Xamy" {drain, rF+ Int+2 Dex+4}
  2314 | D:3      | Noticed Natasha
  2324 | D:3      | Killed Natasha
  2341 | D:3      | Reached skill level 5 in Dodging
  2341 | D:3      | Reached XP level 6. HP: 56/56 MP: 5/5
  2349 | D:3      | Found a sparkling altar of Nemelex Xobeh.
  2388 | D:3      | Noticed Natasha
  2390 | D:3      | Killed Natasha
  2605 | D:3      | Noticed Natasha
  2610 | D:3      | Killed Natasha
  3034 | D:4      | Became a worshipper of Beogh the Shepherd
  3034 | D:4      | Reached * piety under Beogh
  3034 | D:4      | Reached ** piety under Beogh
  3248 | D:5      | Entered Level 5 of the Dungeon
  3288 | D:5      | Noticed a water moccasin
  3297 | D:5      | Killed a water moccasin
  3479 | D:5      | Reached XP level 7. HP: 59/63 MP: 6/6
  3483 | D:5      | Reached skill level 1 in Armour
  3738 | D:5      | Noticed Sigmund
  3750 | D:5      | Killed Sigmund
  4501 | D:6      | Noticed a steam dragon
  4779 | D:6      | Reached XP level 8. HP: 68/73 MP: 7/7
  4983 | D:1      | Bought a glowing war axe for 156 gold pieces
  5003 | D:1      | Bought a scroll of blinking for 105 gold pieces
  5199 | D:7      | Found a staircase to the Ecumenical Temple.
  5712 | D:7      | Found a shimmering blue altar of Sif Muna.
  6113 | D:6      | Found a sacrificial altar of Ru.
  6113 | D:6      | Found a stormy altar of Qazlal.
  6201 | D:6      | Reached skill level 5 in Armour
  6239 | D:6      | Reached XP level 9. HP: 64/82 MP: 8/8
  6446 | D:6      | Found a radiant altar of Vehumet.
  6446 | D:6      | Found an iron altar of Okawaru.
  6469 | D:6      | Reached *** piety under Beogh
  6484 | D:6      | Noticed Wargath
  6494 | D:6      | Anointed Wargath the warrior as your apostle
  6851 | D:8      | Found a staircase to the Lair.
  6856 | D:8      | Reached skill level 1 in Invocations
  7201 | D:8      | Found the +6 shillelagh "Devastator" {shatter}
  7417 | D:8      | Noticed a two-headed ogre
  7423 | D:8      | Killed a two-headed ogre
  7754 | D:8      | Reached XP level 10. HP: 85/91 MP: 11/11
  7791 | D:8      | Identified the +10 great sword "Bototew" {pain, Will+ rCorr
                  | Int+3 Stlth+}
  7791 | D:8      | Identified the +6 scale mail of the Zealous God {Int+2}
  7791 | D:8      | Noticed Bogbrand
  7811 | D:8      | Slain by Bogbrand the orc apostle

Illustrated notes

Levels and vault maps discovered:
D:1:      giann_wishing_wells, layout_basic, serial_shops,
          nicolae_shop_real_fake_doors, shop_statue, shop
D:2:      layout_basic, nicolae_ecumenical_lake_church, uniq_jessica
D:3:      layout_basic, lemuel_coloured_pillars_altar,
          lightli_sewer_entry_pipes, serial_bayou_ford_a,
          kennysheep_generic_room_8, uniq_natasha
D:4:      layout_basic
D:5:      layout_basic, serial_rivers, chequers_serial_rivers_large_a,
          chequers_serial_rivers_micro_e, chequers_serial_rivers_large_b,
          chequers_serial_rivers_micro_b, chequers_serial_rivers_marsh,
          chequers_serial_rivers_micro_d, chequers_serial_rivers_room_a,
          uniq_sigmund
D:6:      layout_loops_corners, amethyst_overflow_temple_binary,
          gammafunk_temple_overflow_statue
D:7:      layout_basic, mainiacjoe_overflow_alcove_2, temple_hall
D:8:      layout_loops_cross, erik_lair_orcish_takeover,
          minmay_fractal_squares_gapless_5

Skill      XL: |  1  2  3  4  5  6  7  8  9 |
---------------+----------------------------+-----
Axes           | 4 5 6 7 8 9 |  9.5
Fighting       | 4 5 6 7 8 9 |  9.5
Dodging        | 4 5 6 7 8 |  8.6
Armour         | 3 5 7 |  7.0
Invocations    | 3 |  3.3

Action                     |  1- 3 |  4- 6 |  7- 9 | 10-12 || total
---------------------------+-------+-------+-------+-------++-------
  Melee: Hand axe          |    46 |   154 |    40 |       ||   240
         Headbutt          |     8 |    25 |    32 |    10 ||    75
         War axe           |       |       |    75 |       ||    75
         Broad axe         |       |       |    23 |    17 ||    40
  Throw: Dart              |       |       |     7 |     5 ||    12
 Invoke: Convert to Beogh  |       |     1 |       |       ||     1
         Recruit Apostle   |       |       |     1 |       ||     1
    Use: Scroll            |     1 |     5 |     7 |       ||    13
         Potion            |       |     1 |       |       ||     1
 Armour: Robe              |    21 |       |       |       ||    21
         Ring mail         |     3 |    84 |   104 |     8 ||   199
  Dodge: Dodged            |    32 |    91 |   106 |     8 ||   237

Table legend: (Time is in decaauts)
 A = Elapsed time spent in this place.
 B = Non-inter-level travel time spent in this place.
 C = Inter-level travel time spent in this place.
 D = Time resting spent in this place.
 E = Time spent auto-exploring this place.
 F = Levels seen in this place.
 G = Mean time per level.
                   A        B        C        D        E       F      G
               +--------+--------+--------+--------+--------+-----+--------+
         Total |   8050 |   7475 |    575 |    260 |   5846 |   9 |  894.4 |
       Dungeon |   7640 |   7065 |    575 |    260 |   5560 |   8 |  955.0 |
         Sewer |    410 |    410 |      0 |      0 |    285 |   1 |  410.0 |
               +--------+--------+--------+--------+--------+-----+--------+

Top non-repeatable levels by time:
     D:5: 1389 daAuts
     D:6: 1247 daAuts
     D:8: 981 daAuts
     D:3: 973 daAuts
     D:7: 875 daAuts
     D:1: 818 daAuts
     D:2: 714 daAuts
     D:4: 641 daAuts
   Sewer: 410 daAuts
